 Dungeon Crawl Stone Soup version 0.27.1-1-g398f81649c (webtiles) character file.

Game seed: 15886889505514492470

75269 funkygono the Earth Mage (level 15, -9/77 HPs)
             Began as a Gargoyle Earth Elementalist on Sept 9, 2021.
             Was a High Priest of Vehumet.
             Killed by divine providence
             ... invoked by an orc priest
             ... led by Saint Roka
              (12 damage)
             ... on level 2 of the Orcish Mines on Sept 10, 2021.
             The game lasted 01:26:29 (29942 turns).

funkygono the Earth Mage (GrEE)                    Turns: 29942, Time: 01:26:30

Health: -9/77      AC: 27    Str: 14    XL:     15   Next: 49%
Magic:  18/42      EV: 12    Int: 20    God:    Vehumet [*****.]
Gold:   1283       SH:  5    Dex: 10    Spells: 4/43 levels left

rFire    + . .     SeeInvis .   s - +2 whip (flame)
rCold    . . .     Faith    .   (no shield)
rNeg     + . .     Spirit   .   M - +3 leather armour {rF+}
rPois    ∞         Reflect  +   b - +2 hat {Stlth+}
rElec    +         Harm     .   C - +1 cloak {Will+}
rCorr    .         Rampage  .   D - +0 pair of gloves
Will     ++...                  (no boots)
Stlth    +++.......             l - amulet of reflection
HPRegen  0.22/turn              H - ring of magical power
MPRegen  0.28/turn              K - +4 ring of protection

@: marked, flying
A: sickness immunity, AC +11, big wings, negative energy resistance 1,
electricity resistance, torment resistance 1, petrification resistance
a: Renounce Religion


You were on level 2 of the Orcish Mines.
You worshipped Vehumet.
Vehumet was extremely pleased with you.
You visited 4 branches of the dungeon, and saw 21 of its levels.

You collected 1283 gold pieces.

Inventory:

Hand Weapons
 a - a +2 flail of holy wrath
 q - a +0 whip of venom
 s - a +2 whip of flaming (weapon)
 T - a +1 mace of protection
Missiles
 c - 290 stones
Armour
 b - a +2 hat of stealth (worn)
 j - a +0 helmet
 C - a +1 cloak of willpower (worn)
 D - a +0 pair of gloves (worn)
 L - +0 steam dragon scales
 M - a +3 leather armour of fire resistance (worn)
Magical Staves
 F - a staff of poison
Jewellery
 l - an amulet of reflection (around neck)
 n - a ring of positive energy
 v - a ring of wizardry
 A - a ring of see invisible
 G - an amulet of the acrobat
 H - a ring of magical power (left hand)
 K - a +4 ring of protection (right hand)
 V - a ring of resist corrosion
Wands
 t - a wand of digging (11)
 I - a wand of flame (69)
 Y - a wand of iceblast (6)
Scrolls
 g - 4 scrolls of fog
 m - 9 scrolls of teleportation
 B - 3 scrolls of magic mapping
Potions
 d - a potion of magic
 e - 5 potions of curing
 h - 4 potions of brilliance
 o - 4 potions of haste
 p - 4 potions of ambrosia
 w - a potion of cancellation
 x - a potion of heal wounds
 z - 3 potions of might
 J - a potion of resistance
 N - 2 potions of mutation
 S - 2 potions of flight {unknown}


   Skills:
 + Level 2.8 Fighting
 + Level 1.6 Maces & Flails
 + Level 6.0 Armour
 + Level 3.4 Dodging
 - Level 2.1 Stealth
 * Level 14.9 Spellcasting
 * Level 13.4 Conjurations
 + Level 0.7 Transmutations
 * Level 8.3 Fire Magic
 + Level 2.9 Air Magic
 + Level 15.3 Earth Magic


You had 4 spell levels left.
You knew the following spells:

 Your Spells              Type           Power      Damage    Failure   Level
a - Foxfire               Conj/Fire      100%       2x1d9     1%          1
c - Sticky Flame          Conj/Fire      55%        2d7       1%          4
e - Starburst             Conj/Fire      27%        6d9       2%          6
f - Lightning Bolt        Conj/Air       23%        1d39      1%          5
g - Olgreb's Toxic Radia  Pois           14%        N/A       13%         4
j - Sandblast             Erth           100%       2d20      0%          1
k - Stone Arrow           Conj/Erth      100%       3d13      1%          3
l - Lee's Rapid Deconstr  Erth           33%        3d18*     1%          5
m - Iron Shot             Conj/Erth      32%        9d7       1%          6
o - Petrify               Tmut/Erth      47%        N/A       1%          4

Your spell library contained the following spells:

 Spells                   Type           Power      Damage    Failure   Level
 Passwall                 Tmut/Erth      39%        N/A       1%          2
 Poisonous Vapours        Pois/Air       40%        N/A       1%          2
 Fulminant Prism          Conj/Hex       20%        3d13      1%          4
 Iskenderun's Mystic Bla  Conj/Tloc      41%        2d9       1%          4
 Corpse Rot               Necr/Air       N/A        N/A       4%          2
 Corona                   Hex            15%        N/A       5%          1
 Ensorcelled Hibernation  Hex/Ice        28%        N/A       8%          2
 Gell's Gravitas          Tloc           7%         N/A       16%         3
 Teleport Other           Tloc           14%        N/A       16%         3
 Tukima's Dance           Hex            14%        N/A       16%         3
 Summon Lightning Spire   Summ/Air       20%        N/A       28%         4
 Summon Ice Beast         Ice/Summ       14%        N/A       45%         4
 Irradiate                Conj/Tmut      21%        3d20      2%          5
 Freezing Cloud           Conj/Ice/Air   18%        6-21      4%          5
 Summon Forest            Summ/Tloc      7%         N/A       82%         5
 Summon Mana Viper        Hex/Summ       14%        N/A       82%         5
 Dispersal                Tloc           7%         N/A       100%        6
 Shadow Creatures         Summ           N/A        N/A       100%        6
 Simulacrum               Ice/Necr       7%         N/A       100%        6
 Monstrous Menagerie      Summ           7%         N/A       100%        7
 Storm Form               Tmut/Air       11%        N/A       100%        7
 Maxwell's Capacitive Co  Air            13%        ∞         100%        8
 Polar Vortex             Ice            7%         N/A       100%        9
 Sublimation of Blood     Necr           Unusable   N/A       N/A         2

Dungeon Overview and Level Annotations

Branches:
Dungeon (12/15)            Temple (1/1) D:5            Lair (6/6) D:11
 Shoals (0/4) Lair:3       Spider (0/4) Lair:4        Slime (0/5) Lair:6
    Orc (2/2) D:9
    Elf: Orc:2

Altars:
Ashenzari
Cheibriados
Dithmenos
Elyvilon
Fedhas
Gozag
Hepliaklqana
Kikubaaqudgha
Makhleb
Nemelex Xobeh
Okawaru
Qazlal
Ru
Sif Muna
Trog
Uskayaw
Vehumet
Wu Jian
Xom
Yredelemnul
Zin
The Shining One
Jiyva

Portals:
Hell: Lair:6

Annotations:
Orc:2 Saint Roka


Innate Abilities, Weirdness & Mutations

You are immune to sickness and miasma.
Your stone body is resilient. (AC +11)
You are immune to poison.
Your large and strong wings let you fly.
You resist negative energy. (rN+)
You are resistant to electric shocks. (rElec)
You are resistant to unholy torment.
You are immune to petrification.


Message History

You set off the alarm!
The alarm trap emits a blaring wail!
A sentinel's mark forms upon you.
You hear a shout! x2; You hear two shouts!
You hear a shout!
You hear two shouts!
You hear a shout! x7; You hear a howl!
You hear a shout! x4
You hear a howl!
You hear a shout! x13
The orc no longer looks unusually strong.
Saint Roka mumbles some strange prayers to Beogh against you.
Beogh smites you!
* * * LOW HITPOINT WARNING * * *
Saint Roka roars a battlecry!
A two-headed ogre comes into view. It is wielding two +0 giant clubs.
Saint Roka invokes the aid of Beogh against you.
Beogh smites you!
* * * LOW HITPOINT WARNING * * *
The two-headed ogre moves out of view.
An orc and an orc warrior come into view.
You feel much better.
An orc comes into view. It is wielding a +0 short sword.
An orc comes into view. It is wielding a +0 club.
Saint Roka invokes the aid of Beogh against you.
Beogh smites you!
* * * LOW HITPOINT WARNING * * *
Unknown command.
You see here a +0 giant club.
The orc priest no longer looks unusually strong.
Things that are here:
a +0 ring mail; a +0 dagger Saint Roka invokes the aid of Beogh against you.
Beogh smites you!
* * * LOW HITPOINT WARNING * * *
The orc priest mumbles some strange prayers to Beogh against you.
You resist with almost no effort.
An orc comes into view. It is wielding a +0 flail.
There is a stone staircase leading up here.
Saint Roka roars a battlecry!
The orcs go into a battle-frenzy!
The orc priest mumbles some strange prayers to Beogh against you.
Beogh smites you!
You die...

##### ##...## ##..
##..÷..## #....
##...[...##.....
#...)).........
###..))@[.)....###..
#.#...[))[...###.....
#...........###......
#......[....##.......
#........##oOo......
##...##....o.o....#
#.......##.ooT...##
#.......#....o....#
###...##..........#


You could see Saint Roka, a two-headed ogre, a troll, an orc warrior (strong),
an orc priest (strong) and 4 orcs.

Vanquished Creatures
  Gastronok (Lair:1)
  Kirke (Lair:5)
  2 dire elephants (Lair:6)
  Josephine (D:10)
  A fire dragon (D:10)
  6 hydras
  2 boulder beetles
  A centaur warrior (D:10)
  2 catoblepae
  13 two-headed ogres
  Sonja (Lair:5)
  A sun demon (Lair:6)
  Pikel (D:4)
  4 lindwurms (Lair:4)
  A wizard (Lair:6)
  A deep elf pyromancer (D:10)
  12 elephants
  5 oklob plants
  5 cyclopes
  4 black mambas
  5 cane toads
  Joseph (D:10)
  A gargoyle (D:10)
  A smoke demon (Lair:6)
  3 orange demons (Lair:6)
  7 rime drakes (Lair:6)
  7 komodo dragons
  5 kobold demonologists
  An ice devil (Lair:6)
  A red devil (Lair:6)
  A meliai (D:10)
  5 trolls
  A queen bee (Lair:3)
  Grinder (D:4)
  A hornet (D:8)
  2 polar bears (Lair:6)
  19 blink frogs
  A snapping turtle (Lair:3)
  A slime creature (D:12)
  Sigmund (D:4)
  A shadow (D:11)
  A tarantella (Lair:4)
  A tarantella (shapeshifter) (D:10)
  64 yaks
  5 wraiths
  3 steam dragons
  5 basilisks
  5 vampire mosquitoes (D:10)
  A warg (Orc:1)
  20 water moccasins
  An acid dragon (D:10)
  2 swamp drakes (D:10)
  4 hell hounds (Lair:6)
  8 orc warriors
  2 sky beasts
  2 black bears (D:7)
  7 necrophages (D:8)
  5 ogres
  13 centaurs
  19 wolves
  3 lemures (D:4)
  6 kobold brigands
  9 bullfrogs
  2 wyvern zombies (D:8)
  A gnoll sergeant (D:9)
  2 scorpions
  36 killer bees
  10 wights
  5 howler monkeys
  An electric eel (Lair:3)
  A jelly (D:6)
  7 centaur zombies
  3 hounds
  5 orc priests
  Crazy Yiuf (D:6)
  2 centaur skeletons (D:6)
  Jessica (D:2)
  2 iguanas
  11 orc wizards
  A hell rat (Lair:3)
  A killer bee zombie (D:7)
  A hound zombie (D:5)
  A mummy (D:8)
  2 howler monkey zombies (D:8)
  Robin (D:4)
  5 gnolls (D:9)
  A howler monkey skeleton (D:6)
  4 adders
  A river rat (Lair:3)
  A white imp (D:7)
  2 ufetubi
  3 worms
  2 dart slugs
  38 orcs
  3 endoplasms (D:2)
  4 giant cockroaches
  7 hobgoblins
  3 jackals (D:3)
  20 kobolds
  5 quokkas
  4 ball pythons
  3 bats
  3 frilled lizards
  13 goblins
  2 rats (D:3)
538 creatures vanquished.

Vanquished Creatures (collateral kills)
  4 foxfires
4 creatures vanquished.

Vanquished Creatures (others)
  2 humans (Lair:5)
  An orc wizard (D:4)
  760 foxfires
  40 fungi
  63 plants
  7 withered plants (D:8)
873 creatures vanquished.

Grand Total: 1415 creatures vanquished

Notes
Turn   | Place    | Note
-------+----------+-------------------------------------------
     0 | D:1      | funkygono the Gargoyle Earth Elementalist began the quest
                  | for the Orb.
     0 | D:1      | Reached XP level 1. HP: 10/10 MP: 3/3
   220 | D:1      | Reached skill level 4 in Earth Magic
   364 | D:1      | Found a faded altar of an unknown god.
   585 | D:2      | Noticed Jessica
   598 | D:2      | Killed Jessica
   599 | D:2      | Reached XP level 2. HP: 12/15 MP: 0/5
   599 | D:2      | Reached XP level 3. HP: 15/19 MP: 0/6
   603 | D:2      | Learned a level 3 spell: Stone Arrow
  1731 | D:3      | Reached XP level 4. HP: 24/24 MP: 5/8
  1736 | D:3      | Learned a level 4 spell: Petrify
  1946 | D:3      | Reached skill level 5 in Earth Magic
  1965 | D:3      | Found a shadowy altar of Dithmenos.
  2248 | D:3      | Found a burning altar of Makhleb.
  2663 | D:3      | Noticed a kobold brigand
  2676 | D:3      | Killed a kobold brigand
  2677 | D:3      | Reached skill level 1 in Conjurations
  2677 | D:3      | Reached XP level 5. HP: 28/28 MP: 3/10
  3032 | D:4      | Found a shimmering blue altar of Sif Muna.
  3038 | D:4      | Noticed a lemure
  3055 | D:4      | Killed a lemure
  3073 | D:4      | Noticed a lemure
  3077 | D:4      | Noticed a lemure
  3103 | D:4      | Killed a lemure
  3268 | D:4      | Noticed Robin
  3282 | D:4      | Killed Robin
  3451 | D:4      | Noticed an ogre
  3454 | D:4      | Killed an ogre
  3455 | D:4      | Reached skill level 6 in Earth Magic
  3455 | D:4      | Reached XP level 6. HP: 32/32 MP: 7/12
  3504 | D:4      | Noticed Sigmund
  3534 | D:4      | Found a snail-covered altar of Cheibriados.
  3898 | D:4      | Noticed Grinder
  3908 | D:4      | Killed Grinder
  3909 | D:4      | Reached XP level 7. HP: 34/36 MP: 8/14
  4244 | D:4      | Noticed Pikel
  4254 | D:4      | Killed Pikel
  4255 | D:4      | Reached skill level 5 in Spellcasting
  4255 | D:4      | Reached skill level 7 in Earth Magic
  4255 | D:4      | Reached XP level 8. HP: 27/42 MP: 7/16
  4610 | D:4      | Killed Sigmund
  4611 | D:4      | Reached skill level 8 in Earth Magic
  5072 | D:5      | Entered Level 5 of the Dungeon
  5086 | D:5      | Identified the +4 plate armour of the Sparrow {rElec}
  5218 | D:5      | Found a staircase to the Ecumenical Temple.
  5334 | Temple   | Entered the Ecumenical Temple
  5453 | Temple   | Became a worshipper of Vehumet
  6383 | D:6      | Found a runed translucent door.
  6384 | D:6      | Noticed Crazy Yiuf
  6391 | D:6      | Killed Crazy Yiuf
  6685 | D:6      | Reached skill level 9 in Earth Magic
  6685 | D:6      | Reached XP level 9. HP: 46/46 MP: 12/19
  6755 | D:6      | Identified the +4 ring mail of Daisies {Rampage Will+
                  | Dex+4}
  7279 | D:6      | Reached * piety under Vehumet
  7279 | D:6      | Offered knowledge of Shock by Vehumet.
  7607 | D:7      | Noticed a kobold demonologist
  7611 | D:7      | Reached skill level 5 in Conjurations
  7611 | D:7      | Noticed an ice devil
  7966 | D:7      | Reached skill level 10 in Earth Magic
  8253 | D:7      | Noticed a smoke demon
  8466 | D:7      | Killed a kobold demonologist
  8467 | D:7      | Reached XP level 10. HP: 46/51 MP: 14/22
  8530 | D:7      | Found a bloodstained altar of Trog.
  8822 | D:7      | Reached ** piety under Vehumet
  8848 | D:7      | Found an opulent altar of Gozag.
  8929 | D:7      | Offered knowledge of Foxfire by Vehumet.
  9185 | D:7      | Reached skill level 11 in Earth Magic
  9409 | D:7      | Learned a level 1 spell: Foxfire
  9766 | D:8      | Reached skill level 1 in Fire Magic
  9960 | D:8      | Found a blossoming altar of Fedhas.
  9962 | D:8      | Found a sparkling altar of Nemelex Xobeh.
 10675 | D:8      | Offered knowledge of Inner Flame by Vehumet.
 10763 | D:8      | Found a sacrificial altar of Ru.
 10816 | D:8      | Noticed a two-headed ogre
 10872 | D:8      | Killed a two-headed ogre
 10895 | D:8      | Found a broken altar of Ashenzari.
 10982 | D:8      | Found a basalt altar of Yredelemnul.
 11023 | D:8      | Found a glowing golden altar of the Shining One.
 11025 | D:8      | Noticed an angel
 11249 | D:9      | Reached *** piety under Vehumet
 11251 | D:9      | Identified the +5 short sword of Breach {freeze, rC+ Dex+4}
 11261 | D:9      | Reached skill level 1 in Fighting
 11458 | D:9      | Reached XP level 11. HP: 44/56 MP: 16/24
 11638 | D:9      | Reached skill level 10 in Spellcasting
 11640 | D:9      | Noticed a two-headed ogre
 11657 | D:9      | Killed a two-headed ogre
 11953 | D:9      | Found a staircase to the Orcish Mines.
 12580 | D:10     | Entered Level 10 of the Dungeon
 12625 | D:10     | Noticed Joseph
 12630 | D:10     | Killed Joseph
 12759 | D:10     | Reached skill level 12 in Earth Magic
 13029 | D:10     | Learned a level 5 spell: Lee's Rapid Deconstruction
 13097 | D:10     | Found an ornate altar of the Wu Jian Council.
 13523 | D:10     | Noticed a two-headed ogre
 13527 | D:10     | Killed a two-headed ogre
 13583 | D:10     | Offered knowledge of Sticky Flame by Vehumet.
 13589 | D:10     | Learned a level 4 spell: Sticky Flame
 13682 | D:10     | Noticed a centaur warrior
 13682 | D:10     | Noticed a catoblepas
 13714 | D:10     | Killed a centaur warrior
 13975 | D:10     | Noticed a fire dragon
 13984 | D:10     | Killed a catoblepas
 13998 | D:10     | Killed a fire dragon
 13999 | D:10     | Reached XP level 12. HP: 62/62 MP: 16/27
 14001 | D:10     | Noticed a two-headed ogre
 14011 | D:10     | Killed a two-headed ogre
 14148 | D:10     | Reached skill level 13 in Earth Magic
 14406 | D:11     | Noticed a two-headed ogre
 14563 | D:11     | Noticed Josephine
 14564 | D:11     | Reached **** piety under Vehumet
 14726 | D:10     | Killed Josephine
 14727 | D:10     | Reached skill level 5 in Fire Magic
 15015 | D:11     | Killed a two-headed ogre
 15016 | D:11     | Reached skill level 1 in Maces & Flails
 15019 | D:11     | Noticed a soul eater
 15142 | D:11     | Offered knowledge of Lightning Bolt by Vehumet.
 15678 | D:11     | You fall into a shaft and drop 1 floor!
 15680 | D:12     | Noticed a boulder beetle
 15689 | D:12     | Killed a boulder beetle
 15690 | D:12     | Reached skill level 14 in Earth Magic
 15696 | D:12     | Learned a level 5 spell: Lightning Bolt
 15847 | D:12     | Noticed a two-headed ogre
 15869 | D:11     | Killed a two-headed ogre
 15870 | D:11     | Reached skill level 10 in Conjurations
 16157 | D:12     | Reached XP level 13. HP: 58/66 MP: 2/29
 16460 | D:12     | Identified the +0 leather armour "Extageim" {Rampage rF+++
                  | rC+ Dex-2 SInv}
 16687 | D:12     | Reached skill level 1 in Air Magic
 18035 | D:11     | Found a staircase to the Lair.
 18235 | Lair:1   | Entered Level 1 of the Lair of Beasts
 18688 | Lair:1   | Noticed Gastronok
 18709 | Lair:1   | Killed Gastronok
 18948 | Lair:1   | Reached skill level 1 in Armour
 19167 | Lair:1   | Identified the +1 ring mail "Vuri" {rC+ Str-2 Dex+3}
 19715 | Lair:2   | Reached ***** piety under Vehumet
 19846 | Lair:2   | Offered knowledge of Starburst by Vehumet.
 19854 | Lair:2   | Learned a level 6 spell: Starburst
 21229 | Lair:3   | Gained mutation: Your large and strong wings let you fly.
                  | [Gargoyle growth]
 21229 | Lair:3   | Reached XP level 14. HP: 72/72 MP: 28/31
 22912 | Lair:3   | Offered knowledge of Olgreb's Toxic Radiance by Vehumet.
 23375 | Lair:3   | Found a staircase to the Shoals.
 23382 | Lair:3   | Reached skill level 15 in Earth Magic
 23642 | Lair:3   | Learned a level 4 spell: Olgreb's Toxic Radiance
 24780 | Lair:4   | Found a hole to the Spider Nest.
 25348 | Lair:5   | Noticed Sonja
 25350 | Lair:5   | Killed Sonja
 25869 | Lair:5   | Noticed Kirke
 25879 | Lair:5   | Killed Kirke
 26510 | Lair:6   | Entered Level 6 of the Lair of Beasts
 26851 | Lair:6   | Reached XP level 15. HP: 69/76 MP: 17/33
 27076 | Lair:6   | Reached skill level 5 in Armour
 27492 | Lair:6   | Found a staircase to the Slime Pits.
 27492 | Lair:6   | Found a viscous altar of Jiyva.
 27497 | Lair:6   | Identified the +1 scale mail of the Nightingale {Will+
                  | Dex+4}
 27726 | Lair:6   | Identified the +1 leather armour "Jicler" {Rampage SInv}
 28101 | Lair:6   | Found a burning altar of Makhleb.
 28123 | Lair:6   | Offered knowledge of Iron Shot by Vehumet.
 28590 | Lair:6   | Found a gateway to Hell.
 28744 | Lair:6   | Learned a level 6 spell: Iron Shot
 29579 | Orc:1    | Entered Level 1 of the Orcish Mines
 29663 | Orc:2    | Entered Level 2 of the Orcish Mines
 29914 | Orc:2    | Noticed Saint Roka
 29929 | Orc:2    | HP: 3/77 [Saint Roka/divine providence (15)]
 29941 | Orc:2    | HP: 3/77 [Saint Roka/divine providence (13)]
 29942 | Orc:2    | Killed from afar by an orc priest

Illustrated notes

Levels and vault maps discovered:
D:1:      scummos_arrival_hexagon, layout_rooms,
          shapermc_ecumenical_altar_hornbeckon, serial_forest,
          infiniplex_forest_zigzag_2, infiniplex_forest_clump_diagonal,
          infiniplex_forest_lined_room_2, infiniplex_forest_lined_3,
          infiniplex_forest_straight_2, infiniplex_forest_straight_4,
          infiniplex_forest_straight_2, serial_bayou_crossing
D:2:      layout_basic, hex_intersection, lemuel_flame_loot_1, uniq_jessica
D:3:      cheibrodos_thug_alley, layout_loops_ring,
          mainiacjoe_overflow_24_doors, bloody_makhleb
D:4:      layout_layer_cave, mainiacjoe_overflow_six_doors_small, led_sif_book,
          uniq_grinder, uniq_pikel, uniq_sigmund, uniq_robin
D:5:      layout_rooms, minmay_temple_entry_drinking_statues,
          kennysheep_generic_room_14
D:6:      layout_gridville, minmay_misc_feat_doors, uniq_crazy_yiuf_cottage
D:7:      layout_layer_cave, mainiacjoe_overflow_alcove_4, bloody_trog
D:8:      layout_rooms, grunt_temple_overflow_holy_war, minitemple,
          mainiacjoe_overflow_two_lobes, serial_undead, serial_undead_a,
          serial_undead_d, serial_undead_f, serial_undead_b, serial_undead_e,
          serial_undead_f
D:9:      layout_stronghold, orc_0_dummy, hangedman_decor_points,
          bh_walls_and_bars
D:10:     minmay_chambers_of_sevens, layout_small_grid,
          mainiacjoe_overflow_chevrons, pond, uniq_joseph
D:11:     layout_roguey, lair_entry_dummy, uniq_josephine
D:12:     layout_layer_cave, minmay_tree_intersection,
          kennysheep_opposing_triangles
Temple:   nicolae_temple_figure_zero
Lair:1:   layout_roguey, grunt_megastairs_4, uniq_gastronok
Lair:2:   layout_regular_city, chequers_serial_rivers_micro_b
Lair:3:   hangedman_what_comes_after_a, layout_gridlike,
          minmay_shoals_entry_hut, serial_bayou_shore_a
Lair:4:   layout_small_grid, spider_nest_entry_rubble, minmay_lindwurm_lava,
          grunt_megastairs_1
Lair:5:   layout_cave_pods, uniq_sonja, uniq_kirke
Lair:6:   evil_forest, layout_big_grid, slime_altar_1
Orc:1:    layout_diamond_mine, lightli_volcano_entry_magma_tube
Orc:2:    pubby_orc_utopia, uniq_saint_roka

Skill      XL: |  1  2  3  4  5  6  7  8  9 10 11 12 13 14 15 |
---------------+----------------------------------------------+-----
Earth Magic    | 4 5 6 7 9 10 11 12 14 15 | 15.3
Spellcasting   | 3 4 5 7 8 9 11 12 13 14 | 14.9
Conjurations   | 1 2 3 4 6 7 8 10 11 12 13 | 13.4
Dodging        | 2 3 |  3.4
Fire Magic     | 3 4 5 6 7 8 |  8.3
Fighting       | 1 2 |  2.8
Maces & Flails | 1 |  1.6
Air Magic      | 2 |  2.9
Armour         | 1 4 6 |  6.0
Stealth        | |  2.1
Transmutations | |  0.7

Action                   |  1- 3 |  4- 6 |  7- 9 | 10-12 | 13-15 || total
-------------------------+-------+-------+-------+-------+-------++-------
Melee: Club              |       |     3 |       |       |       ||     3
       Whip              |       |     3 |     4 |    65 |    74 ||   146
 Cast: Sandblast         |    37 |   101 |    35 |    45 |    53 ||   271
       Stone Arrow       |       |       |    93 |   206 |   437 ||   736
       Petrify           |       |       |     2 |     1 |       ||     3
       Foxfire           |       |       |       |   136 |   324 ||   460
       Lee's Rapid Decon |       |       |       |    21 |    13 ||    34
       Sticky Flame      |       |       |       |     4 |    29 ||    33
       Lightning Bolt    |       |       |       |       |    17 ||    17
       Starburst         |       |       |       |       |    11 ||    11
       Olgreb's Toxic Ra |       |       |       |       |     1 ||     1
Evoke: Wand              |       |       |       |       |     3 ||     3
  Use: Scroll            |       |     5 |     5 |     5 |    11 ||    26
       Potion            |       |     1 |     1 |     2 |     6 ||    10
 Stab: Petrified         |       |       |       |       |     3 ||     3
Armor: Robe              |     3 |    11 |    25 |    23 |       ||    62
       Steam dragon scal |       |       |       |    95 |     3 ||    98
       Leather armour    |       |       |       |       |   224 ||   224
Dodge: Dodged            |    11 |    26 |    50 |   127 |   218 ||   432
Block: Other             |       |       |       |       |     3 ||     3
